 Dungeon Crawl Stone Soup version 0.25.1-1-g288607f5aa (webtiles) character file.

Game seed: 12770685808174778142

4221 Elvor the Basher (level 10, -16/91 HPs)
             Began as a Minotaur Fighter on July 24, 2020.
             Demolished by an orc knight
             ... wielding a +0 trident
              (25 damage)
             ... in a bailey.
             The game lasted 00:54:30 (5175 turns).

Elvor the Basher (Minotaur Fighter)                 Turns: 5175, Time: 00:54:31

Health: -16/91     AC: 14    Str: 29    XL:     10   Next: 9%
Magic:  9/9        EV:  7    Int:  5    God:
Gold:   210        SH: 12    Dex: 11    Spells: 4/9 levels left

rFire    + + +     SeeInvis .   J - +3 flail of the Shouting Ancients {vamp, *Contam rPois rF+++ Str+6}
rCold    . . .     Gourm    .   c - +0 kite shield
rNeg     . . .     Faith    .   g - +0 plate armour
rPois    +         Spirit   .   (helmet restricted)
rElec    .         Reflect  .   (no cloak)
rCorr    .         Harm     .   r - +0 pair of gloves
MR       .....                  (no boots)
Stlth    ..........             (no amulet)
HPRegen  0.25/turn              H - ring of protection from fire
MPRegen  0.11/turn              (no ring)

@: mighty, very slightly contaminated
A: retaliatory headbutt, horns 2
a: no special abilities


You were in a bailey.
You were not hungry.

You visited 2 branches of the dungeon, and saw 9 of its levels.
You also visited: Bailey.

You collected 550 gold pieces.
You spent 340 gold pieces at shops.

Inventory:

Hand Weapons
 a - a +1 war axe of flaming
 l - a +2 flail of protection
 x - the +9 mace of the Land of Plenty {freeze, rElec rC+ Stlth+}
   (You found it on level 4 of the Dungeon)

   It has been specially enchanted to freeze those struck by it, causing extra
   injury to most foes and up to half again as much damage against particularly
   susceptible opponents.
   It can also slow down cold-blooded creatures.
   It protects you from cold.
   It insulates you from electricity.
   It makes you more stealthy.
 G - a +3 war axe
 J - the +3 flail of the Shouting Ancients (weapon) {vamp, *Contam rPois rF+++ Str+6}
   (You found it on level 7 of the Dungeon)

   It inflicts no extra harm, but heals its wielder when it wounds a living foe.
   It affects your strength (+6).
   It renders you almost immune to fire.
   It protects you from poison.
   It causes magical contamination when unequipped.
 K - a +0 broad axe
 N - a +0 arbalest
 Q - a +3 hand axe
Missiles
 v - 39 bolts
 A - 26 poisoned darts
 F - 15 boomerangs (quivered)
Armour
 c - a +0 kite shield (worn)
 g - a +0 plate armour (worn)
 h - a +2 scale mail of cold resistance
 o - a +2 leather armour of poison resistance
 r - a +0 pair of gloves (worn)
 y - a +1 ring mail of magic resistance
 C - a +3 leather armour
Jewellery
 H - a ring of protection from fire (left hand)
Wands
 s - a wand of polymorph (3)
 L - a wand of flame (11)
Scrolls
 e - a scroll of vulnerability {unknown}
 k - 2 scrolls of enchant armour
 p - a scroll of remove curse
 t - 4 scrolls of amnesia
 u - 3 scrolls of fear
 B - a scroll of teleportation
 D - a scroll of magic mapping
 M - a scroll of brand weapon {unknown}
 R - a scroll of acquirement {unknown}
Potions
 b - 2 potions of cancellation
 d - 2 potions of might
 i - a potion of stabbing {unknown}
 j - 6 potions of haste
 m - a potion of degeneration {unknown}
 q - 4 potions of heal wounds {unknown}
 w - 6 potions of flight
 z - a potion of lignification {unknown}
 I - 4 potions of curing
 O - a potion of experience {unknown}
 P - 2 potions of berserk rage {unknown}
Comestibles
 f - 18 rations


   Skills:
 * Level 9.1 Fighting
 + Level 6.3(9.0) Axes
 + Level 9.8(10.6) Maces & Flails
 + Level 2.6 Throwing
 + Level 7.1 Armour
 + Level 1.9 Dodging
 + Level 0.2 Stealth
 + Level 7.7 Shields


You had 4 spell levels left.
You knew the following spells:

 Your Spells              Type           Power        Failure   Level  Hunger
a - Blink                 Tloc           N/A          100%        2    ###....
b - Slow                  Hex            #.......     100%        2    ###....
c - Apportation           Tloc           #.....       100%        1    ##.....

Your spell library contained the following spells:

 Spells                   Type           Power        Failure   Level  Hunger
 Animate Skeleton         Necr           N/A          100%        1    ##.....
 Corona                   Hex            #......      100%        1    ##.....
 Magic Dart               Conj           #...         100%        1    ##.....
 Summon Small Mammal      Summ           #...         100%        1    ##.....
 Call Imp                 Summ           #.......     100%        2    ###....
 Conjure Flame            Conj/Fire      #.......     100%        3    ####...
 Mephitic Cloud           Conj/Pois/Air  #.......     100%        3    ####...


Dungeon Overview and Level Annotations

Branches:
Dungeon (8/15)             Temple (1/1) D:6          Bailey (1/1)
   Lair: D:8-11

Altars:
Ashenzari
Cheibriados
Dithmenos
Elyvilon
Fedhas
Gozag
Hepliaklqana
Nemelex Xobeh
Ru
Sif Muna
Trog
Uskayaw
Vehumet
Wu Jian
Xom
Yredelemnul
Zin
The Shining One

Shops:
D:6 !


Innate Abilities, Weirdness & Mutations

You reflexively headbutt those who attack you in melee.
You have a pair of horns on your head.


Message History

a +0 trident; a +0 ring mail
There is an open gate here.
There is a huge open gate here.
Found a scroll labeled OXKIONKULA. 2 orc knights come into view.
The orc knight shouts! x2
The orc knight roars a battlecry!
The orc knight goes into a battle-frenzy!
The orc knight roars a battlecry!
The orc knight goes into a battle-frenzy!
Found a gate leading back out of this place.
The orc knight roars a battlecry!
The orc knight goes into a battle-frenzy!
The orc knight roars a battlecry!
The orc knight goes into a battle-frenzy!
Blink to where?
Press: ? - help, Dir - move target cursor
As you read the scroll of blinking, it crumbles to dust.
The orc knight hits you from afar with a +0 trident!!
You die...

#### ############
...###..........##
....'............#
....'.........o..#
....oo...ยง...?o.@#
....'o...........#
....'............#
...###..........##
#### ############


You could see 2 orc knights.

Vanquished Creatures
  A centaur skeleton (D:7)
  A hippogriff (D:6)
  A spriggan (D:7)
  Edmund (D:4)
  A water moccasin (D:6)
  Duvessa (D:7)
  9 orc warriors
  4 sky beasts
  4 ice beasts
  2 ogres
  A centaur (D:7)
  Dowan (D:7)
  4 scorpions
  A water moccasin skeleton (D:7)
  A howler monkey (D:5)
  2 bullfrog zombies
  A quasit (D:6)
  3 crimson imps
  3 hounds
  2 orc priests (D:8)
  3 bullfrog skeletons
  7 orc wizards
  2 iguanas
  5 worker ants
  A hound zombie (D:7)
  12 adders
  3 shadow imps
  2 oozes
  2 adder skeletons
  2 worms (D:4)
  A dart slug (D:3)
  6 leopard geckos
  59 orcs
  4 giant cockroaches
  11 hobgoblins
  4 jackals (D:3)
  4 quokkas
  3 ball pythons
  A ball python skeleton (D:5)
  A ball python zombie (D:5)
  4 bats (D:1)
  3 frilled lizards
  12 goblins
  5 kobolds
  A quokka zombie (D:5)
  8 rats
210 creatures vanquished.

Notes
Turn   | Place    | Note
-------+----------+-------------------------------------------
     0 | D:1      | Elvor the Minotaur Fighter began the quest for the Orb.
     0 | D:1      | Reached XP level 1. HP: 19/19 MP: 0/0
   202 | D:1      | Reached XP level 2. HP: 26/27 MP: 1/1
   486 | D:2      | Reached XP level 3. HP: 29/33 MP: 2/2
   755 | D:2      | Reached XP level 4. HP: 36/41 MP: 3/3
  1213 | D:3      | Found a shadowy altar of Dithmenos.
  1341 | D:3      | Found a faded altar of an unknown god.
  1496 | D:3      | Reached XP level 5. HP: 47/47 MP: 4/4
  1856 | D:4      | Noticed a moth of wrath
  1860 | D:4      | Found a bloodstained altar of Trog.
  1902 | D:4      | Got a translucent mace
  1925 | D:4      | Identified the +9 mace of the Land of Plenty {freeze, rElec
                  | rC+ Stlth+} (You found it on level 4 of the Dungeon)
  1961 | D:4      | Noticed an ogre
  1987 | D:4      | Killed an ogre
  1987 | D:4      | Reached skill level 5 in Fighting
  1987 | D:4      | Reached skill level 1 in Dodging
  2175 | D:4      | Noticed Edmund
  2184 | D:4      | Killed Edmund
  2184 | D:4      | Reached skill level 5 in Axes
  2184 | D:4      | Reached XP level 6. HP: 56/56 MP: 5/5
  2186 | D:4      | Reached skill level 1 in Maces & Flails
  2435 | D:5      | Entered Level 5 of the Dungeon
  2726 | D:5      | Reached skill level 5 in Shields
  2749 | D:5      | Reached XP level 7. HP: 61/61 MP: 6/6
  2860 | D:5      | Reached skill level 5 in Armour
  2918 | D:5      | Found a glowing golden altar of the Shining One.
  2971 | D:5      | Learned a level 2 spell: Blink
  2974 | D:5      | Learned a level 2 spell: Slow
  3020 | D:5      | Learned a level 1 spell: Apportation
  3021 | D:5      | Found a shimmering altar of Xom.
  3045 | D:5      | Found a bloodstained altar of Trog.
  3061 | D:5      | Reached XP level 8. HP: 49/71 MP: 7/7
  3067 | D:5      | Found a basalt altar of Yredelemnul.
  3067 | D:5      | Found a white marble altar of Elyvilon.
  3072 | D:5      | Found a snail-covered altar of Cheibriados.
  3073 | D:5      | Found a blossoming altar of Fedhas.
  3298 | D:5      | Reached skill level 5 in Maces & Flails
  3352 | D:6      | Noticed a hippogriff
  3365 | D:6      | Killed a hippogriff
  3499 | D:6      | Found a staircase to the Ecumenical Temple.
  3520 | Temple   | Entered the Ecumenical Temple
  3676 | D:6      | Reached skill level 1 in Throwing
  3690 | D:6      | Reached XP level 9. HP: 70/81 MP: 8/8
  3710 | D:6      | Found Hafekhleh's Distillery.
  3715 | D:6      | Bought a potion of curing for 30 gold pieces
  3715 | D:6      | Bought a potion of flight for 30 gold pieces
  3715 | D:6      | Bought a potion of cancellation for 80 gold pieces
  3715 | D:6      | Bought 2 potions of flight for 60 gold pieces
  3715 | D:6      | Bought a potion of might for 40 gold pieces
  3715 | D:6      | Bought a potion of haste for 100 gold pieces
  3956 | D:7      | Got a transparent flail
  3969 | D:7      | Identified the cursed +3 flail of the Shouting Ancients
                  | {vamp, *Contam rPois rF+++ Str+6} (You found it on level 7
                  | of the Dungeon)
  4215 | D:7      | Noticed Duvessa
  4216 | D:7      | Noticed Dowan
  4232 | D:7      | Killed Dowan
  4234 | D:7      | Killed Duvessa
  4554 | D:8      | Found a flagged portal.
  4597 | Bailey   | Entered a bailey
  4762 | Bailey   | Noticed an orc knight
  4782 | Bailey   | Reached XP level 10. HP: 57/91 MP: 9/9
  5117 | Bailey   | Noticed an orc knight
  5143 | Bailey   | HP: 1/91 [orc knight/+0 glaive (32)]
  5170 | Bailey   | Noticed an orc knight
  5170 | Bailey   | Noticed an orc knight
  5175 | Bailey   | Demolished by an orc knight

Illustrated notes

Levels and vault maps discovered:
D:1:      dpeg_arrival_snail, layout_rooms
D:2:      layout_loops_ring, first_ration, kennysheep_cross_room
D:3:      layout_loops_ring, lemuel_coloured_pillars_altar,
          chequers_ecumenical_altar_island
D:4:      layout_basic, tgw_trog, uniq_edmund
D:5:      minmay_thinvault, layout_basic, tso_oasis_becter,
          grunt_temple_overflow_open
D:6:      layout_rooms, minmay_temple_entry_drinking_statues, serial_shops,
          kennysheep_little_box
D:7:      layout_cave_pools, roderic_roman_lattice, the_bakery, uniq_duvessa
D:8:      layout_cave_pools, minitemple, enter_bailey_6, serial_gnoll_camp,
          gnoll_camp_mini_house, gnoll_camp_mini_doghouse, gnoll_camp_medium_01,
          gnoll_camp_huts_basic
Temple:   eino_wide_crystal_templ
Bailey:   bailey_polearm_5, bailey

Skill      XL: |  1  2  3  4  5  6  7  8  9 |
---------------+----------------------------+-----
Armour         | 4 5 6 7 |  7.1
Fighting       | 4 5 6 7 9 |  9.1
Shields        | 4 5 6 7 |  7.7
Axes           | 3 4 5 6 |  6.3
Dodging        | 1 |  1.9
Maces & Flails | 1 4 7 9 |  9.8
Throwing       | 1 2 |  2.6
Stealth        | |  0.2

Action                   |  1- 3 |  4- 6 |  7- 9 | 10-12 || total
-------------------------+-------+-------+-------+-------++-------
Melee: War axe           |    92 |    95 |       |       ||   187
       Headbutt          |    17 |    12 |    53 |     5 ||    87
       Mace              |       |    27 |   163 |       ||   190
       Flail             |       |       |   124 |    28 ||   152
Throw: Boomerang         |       |       |    39 |    13 ||    52
  Use: Scroll            |       |     4 |     5 |     2 ||    11
       Potion            |       |       |       |     1 ||     1
  Eat: Chunk             |       |     5 |     5 |     1 ||    11
       Ration            |       |       |     1 |       ||     1
Armor: Plate armour      |    15 |     9 |   189 |     7 ||   220
       Ring mail         |    30 |    24 |       |       ||    54
Dodge: Dodged            |    24 |    36 |    87 |     4 ||   151
Block: Kite shield       |    45 |    57 |   176 |    17 ||   295
